 Dungeon Crawl Stone Soup version 0.29.0-4-gdea44cf6ec (webtiles) character file.

Game seed: 11499379448016773795

171315 qw the Peltast (level 18, 0/120 HPs)
             Began as a Gargoyle Berserker on Sept 5, 2022.
             Was an Elder of Trog.
             Slain by an 18-headed hydra (6 damage)
             ... on level 2 of the Swamp on Sept 6, 2022.
             The game lasted 00:35:03 (37539 turns).

qw the Peltast (Gargoyle Berserker)                Turns: 37539, Time: 00:35:03

Health: 0/120      AC: 62    Str: 29    XL:     18   Next: 1%
Magic:  18/18      EV:  8    Int: 12    God:    Trog [****..]
Gold:   2327       SH: 19    Dex:  9    Spells: 17/17 levels left

rFire   + . .      SeeInvis .   x - +1 war axe (vamp)
rCold   . . .      Faith    .   i - +0 tower shield
rNeg    + . .      Spirit   .   z - +14 plate armour of Impatience {rElec rF+ Int+4}
rPois   inf        Reflect  .   v - +2 helmet
rElec   +          Harm     .   y - +2 cloak
rCorr   .          Rampage  .   g - +2 pair of gloves
Will    +....                   d - +1 pair of boots
Stlth   ..........              m - amulet of regeneration
HPRegen 1.10/turn               c - +4 ring of protection
MPRegen 0.16/turn               k - +4 ring of slaying {mikee}

@: on berserk cooldown, flying, slowed, very slow
A: sickness immunity, AC +13, big wings, negative energy resistance 1,
electricity resistance, torment resistance 1, petrification resistance
a: Renounce Religion, Berserk, Trog's Hand, Brothers in Arms


You were on level 2 of the Swamp.
You worshipped Trog.
Trog was greatly pleased with you.
You visited 5 branches of the dungeon, and saw 27 of its levels.
You visited 1 bazaar.

You collected 3318 gold pieces.
You spent 991 gold pieces at shops.


Innate Abilities, Weirdness & Mutations

You are immune to sickness and miasma.
Your stone body is resilient. (AC +13)
You are immune to poison.
Your large and strong wings let you fly.
You resist negative energy. (rN+)
You are resistant to electric shocks. (rElec)
You are resistant to unholy torment.
You are immune to petrification.


   Skills:
 - Level 16.0 Fighting
 - Level 16.0 Axes
 - Level 7.0 Throwing
 - Level 15.4 Armour
 - Level 4.1 Dodging
 + Level 18.1 Shields


You had 17 spell levels left.
You didn't know any spells.
Your spell library was empty.

Inventory:

Hand Weapons
 p - a +4 flail of freezing
 x - a +1 vampiric war axe (weapon)
Missiles
 b - 7 boomerangs (quivered)
 q - 2 javelins
Armour
 d - a +1 pair of boots (worn)
 g - a +2 pair of gloves (worn)
 i - a +0 tower shield (worn)
 v - a +2 helmet (worn)
 y - a +2 cloak (worn)
 z - the +14 plate armour of Impatience (worn) {rElec rF+ Int+4}
   (You found it on level 1 of the Lair of Beasts)

   Int:       It affects your intelligence (+4).
   rF:        It protects you from fire.
   rElec:     It insulates you from electricity.
Jewellery
 c - a +4 ring of protection (left hand)
 k - a +4 ring of slaying (right hand) {mikee}
 m - an amulet of regeneration (around neck)
 t - a ring of protection from fire
 u - a ring of fire
Wands
 l - a wand of digging (7)
Scrolls
 a - 5 scrolls of brand weapon
 h - 24 scrolls of identify
Potions
 e - 12 potions of curing
 f - 7 potions of might
 n - 7 potions of haste
 o - 4 potions of mutation
 r - 4 potions of cancellation

Dungeon Overview and Level Annotations

Branches:
Dungeon (15/15)            Temple (0/1) D:4            Lair (5/5) D:9
  Swamp (2/4) Lair:2       Spider (3/4) Lair:3        Slime (0/5) Lair:4
    Orc (2/2) D:10            Elf (0/3) Orc:2        Vaults (0/5) D:13
 Depths (0/4) D:15

Altars:
Ashenzari
Dithmenos
Fedhas
Gozag
Makhleb
Okawaru
Vehumet
Xom
Yredelemnul
Zin
Jiyva

Shops:
D:8 =   D:9 [[*   Orc:2 ::[*

Portals:
Hell: Lair:5
Trove: D:11 (give 5 scrolls of fog)

Annotations:
D:5 1 runed translucent door, Crazy Yiuf
D:14 3 runed translucent doors, Cicylist's ghost, journeyman FoFi; Jaliuk's ghost, journeyman DECj
Spider:1 1 runed translucent door, 2 transporters, Arachne; qw's ghost, adept TrCA
Orc:1 3 runed translucent doors, Rachuaq's ghost, adept GnSk


Message History

You barely miss the thorn hunter.
The briar patch crumbles away. x2; The thorn hunter barely misses you.
You block the thorn hunter's attack.
The 16-headed hydra bites you but does no damage.
You block the 16-headed hydra's attack.
The 16-headed hydra bites you but does no damage. x3
You block the 16-headed hydra's attack. The 16-headed hydra barely misses you.
The 16-headed hydra bites you but does no damage. x3
The 16-headed hydra bites you. You block the 16-headed hydra's attack.
The 16-headed hydra bites you.
The 16-headed hydra bites you but does no damage. x2
The 16-headed hydra closely misses you.
You slice one of the 16-headed hydra's heads off!
The 15-headed hydra grows two more!
You slash the 17-headed hydra!
You feel better.
The 17-headed hydra is moderately wounded.
You barely miss the thorn hunter. You block the thorn hunter's attack. x2
The 17-headed hydra bites you but does no damage.
You block the 17-headed hydra's attack.
The 17-headed hydra bites you but does no damage.
The 17-headed hydra bites you!
The 17-headed hydra bites you but does no damage. x3
You block the 17-headed hydra's attack.
The 17-headed hydra bites you but does no damage.
You block the 17-headed hydra's attack. The 17-headed hydra closely misses you.
The 17-headed hydra bites you but does no damage.
The 17-headed hydra barely misses you.
The 17-headed hydra bites you but does no damage. x4
The thorn hunter hits you!
The thorn hunter hits you but does no damage.
You lop one of the 17-headed hydra's heads off!
The 16-headed hydra grows two more!
You slash the 18-headed hydra!
You feel better.
The 18-headed hydra is moderately wounded.
You hit the thorn hunter.
The 18-headed hydra bites you but does no damage.
You block the 18-headed hydra's attack. The 18-headed hydra barely misses you.
You block the 18-headed hydra's attack. x2; The 18-headed hydra bites you.
You die... .......~.~7777777..~777 ####....~.77 77777

#...#.....7
...#..~..77
##.#...~~.7
.#P.%......77
...P....~~.~~7
.....#..~D.~7.77
#+.###..@f~....7
..PP...7%...~~~.7
..PP....~~...7.~7
7P7~......~.¤.¤.
..~.....~.~~77.
7.7~.....7777


7777777777 You could see a thorn hunter and a 18-headed hydra.

Vanquished Creatures
  Jorgrun (Orc:1)
  Rupert (Lair:3)
  Mlioglotl (Swamp:1)
  Kirke (Lair:3)
  An orc warlord (Orc:2)
  A ghost moth (Spider:1)
  Louise (Spider:2)
  3 broodmothers
  An eleionoma (Swamp:1)
  A bunyip (Swamp:2)
  4 entropy weavers
  A fire dragon (D:11)
  Fannar (D:11)
  Erolcha (D:10)
  6 hydras
  2 ghost crabs
  A catoblepas (Lair:4)
  10 boulder beetles
  6 centaur warriors
  A hell beast (Lair:5)
  2 radroaches
  6 alligators
  10 two-headed ogres
  Erica (Orc:1)
  9 death yaks
  3 jorogumos
  A tengu warrior (D:14)
  4 orc high priests (Orc:2)
  8 spriggans
  Sonja (D:11)
  3 goliath frogs (Swamp:1)
  2 skeletal warriors (D:13)
  5 pharaoh ants
  4 steelbarb worms
  2 bog bodies (Swamp:1)
  A wizard (Lair:5)
  A lindwurm (Lair:5)
  A necromancer (D:13)
  4 orc knights
  A harpy (shapeshifter) (D:15)
  4 deep elf pyromancers
  An oklob plant (Lair:4)
  A will-o-the-wisp (Swamp:1)
  4 manticores
  11 wolf spiders
  12 ugly things
  4 moths of wrath
  8 cyclopes
  4 orc sorcerers (Orc:2)
  9 elephants
  A salamander (D:15)
  A torpor snail (Lair:5)
  Maurice (D:8)
  Joseph (D:8)
  6 black mambas
  An ice statue (D:14)
  14 cane toads
  4 unseen horrors
  4 orange demons (Lair:5)
  A kobold demonologist (D:11)
  A komodo dragon (shapeshifter) (D:14)
  A hellwing (Lair:5)
  4 demonic crawlers
  5 rime drakes
  3 efreet
  A tengu conjurer (D:14)
  2 red devils (Lair:5)
  8 komodo dragons
  9 trolls
  A bloated husk (Swamp:1)
  12 tarantellas
  6 meliai
  8 hornets
  3 tyrant leeches
  17 blink frogs
  Prince Ribbit (D:6)
  3 dream sheep (Lair:5)
  2 blink frogs (shapeshifter)
  7 slime creatures
  13 jumping spiders
  A shadow (D:11)
  7 wyverns
  76 yaks
  9 culicivoras
  6 basilisks
  4 hogs (Lair:3)
  2 steam dragons
  29 redbacks
  8 vampire mosquitoes
  6 wargs
  4 swamp worms (Swamp:1)
  2 acid dragons
  Edmund (D:5)
  42 water moccasins
  Duvessa (D:5)
  3 hell hounds (Lair:5)
  44 orc warriors
  2 black bears
  An ice beast (D:6)
  2 sky beasts
  3 boggarts (D:14)
  16 centaurs
  13 wolves
  13 ogres
  4 phantoms
  4 kobold brigands
  14 bullfrogs
  A scorpion (D:7)
  3 gnoll sergeants
  12 wights
  Dowan (D:5)
  13 killer bees
  6 electric eels
  8 howler monkeys
  4 jellies
  29 orc priests
  2 gnoll boudas (D:7)
  A hound (D:5)
  2 iguanas
  21 orc wizards
  A hound zombie (D:3)
  19 gnolls
  19 adders
  6 river rats (D:9)
  A shadow imp (D:6)
  3 dart slugs
  91 orcs
  7 ball pythons
  7 endoplasms
  2 giant cockroaches
  12 goblins
  6 hobgoblins
  10 quokkas
  A ball python zombie (D:3)
  6 bats
  3 frilled lizards
  20 kobolds
  19 rats
  2 briar patches (Swamp:2)
968 creatures vanquished.

Vanquished Creatures (collateral kills)
  An entropy weaver (Spider:1)
  5 hydras
  A centaur warrior (D:13)
  A two-headed ogre (D:11)
  Urug (Orc:1)
  2 skeletal warriors (D:13)
  A swamp dragon (Lair:2)
  An orb spider (Spider:2)
  3 cyclopes (D:11)
  2 elephants (Lair:2)
  An oklob plant (Lair:3)
  2 cane toads
  2 tarantellas
  3 blink frogs
  2 yaks (D:11)
  A wolf (Lair:4)
  A bullfrog (Lair:2)
  2 orc priests
  An orc wizard (Orc:1)
  A butterfly (Lair:4)
34 creatures vanquished.

Vanquished Creatures (others)
  An orc priest (Orc:2)
  A briar patch (Swamp:2)
  6 foxfires (Swamp:1)
  16 fungi
  57 plants
81 creatures vanquished.

Grand Total: 1083 creatures vanquished

Notes
Turn   | Place    | Note
-------+----------+-------------------------------------------
     0 | D:1      | qw the Gargoyle Berserker began the quest for the Orb.
     0 | D:1      | Reached XP level 1. HP: 14/14 MP: 1/1
     0 | D:1      | 0 ||| qw: Version: 0.1-a-104-g96f76f8
     0 | D:1      | 0 ||| qw: Game counter: 6026
     0 | D:1      | 0 ||| qw: Always use a shield: true
     0 | D:1      | 0 ||| qw: Do Orc after D:15 true
     0 | D:1      | 0 ||| qw: Do second Lair branch before Depths: true
     0 | D:1      | 0 ||| qw: Lair rune preference: random
     0 | D:1      | 0 ||| qw: Plans: Normal
     0 | D:1      | 0 ||| PLANNING D:1-11
    38 | D:1      | 38 ||| INVOKING Berserk.
    42 | D:1      | Reached skill level 3 in Axes
    42 | D:1      | Reached XP level 2. HP: 19/19 MP: 2/2
   257 | D:1      | 257 ||| Stepping ~*~*~tactically~*~*~ (hiding).
   641 | D:1      | Reached XP level 3. HP: 23/23 MP: 3/3
  1553 | D:1      | 1553 ||| UPGRADING to +0 plate armour.
  1563 | D:1      | 1563 ||| DROPPING +0 animal skin.
  1564 | D:1      | 1564 ||| UPGRADING to +0 cloak.
  1569 | D:1      | 1569 ||| UPGRADING to +4 ring of protection.
  1570 | D:1      | 1570 ||| UPGRADING to +4 ring of slaying {mikee}.
  1571 | D:1      | 1571 ||| READING 2 scrolls labelled HULICR SUYSUGIL.
  1572 | D:1      | 1572 ||| READING scroll labelled GOGUON JEEGA.
  1573 | D:1      | 1573 ||| DRINKING 2 metallic brown potions.
  1574 | D:1      | 1574 ||| DROPPING potion of flight.
  1632 | D:2      | 1632 ||| Stepping ~*~*~tactically~*~*~ (stealth).
  1665 | D:2      | 1665 ||| Stepping ~*~*~tactically~*~*~ (stealth).
  1667 | D:2      | 1667 ||| Stepping ~*~*~tactically~*~*~ (stealth).
  1678 | D:2      | 1678 ||| Stepping ~*~*~tactically~*~*~ (hiding).
  1813 | D:2      | Found a faded altar of an unknown god.
  1941 | D:2      | 1941 ||| Stepping ~*~*~tactically~*~*~ (stealth).
  1943 | D:2      | Reached ** piety under Trog
  1985 | D:2      | Reached XP level 4. HP: 28/28 MP: 4/4
  1991 | D:2      | 1991 ||| FLEEEEING.
  1992 | D:2      | 1992 ||| FLEEEEING.
  1993 | D:2      | 1993 ||| FLEEEEING.
  1994 | D:2      | 1994 ||| FLEEEEING.
  1995 | D:2      | 1995 ||| FLEEEEING.
  1996 | D:2      | 1996 ||| FLEEEEING.
  1997 | D:2      | 1997 ||| FLEEEEING.
  1998 | D:2      | 1998 ||| FLEEEEING.
  1999 | D:2      | 1999 ||| FLEEEEING.
  2000 | D:2      | 2000 ||| FLEEEEING.
  2340 | D:2      | 2340 ||| READING scroll labelled REMNEEK VIUCO.
  2341 | D:2      | 2341 ||| READING scroll labelled CUZESE DORHABB.
  2342 | D:2      | 2342 ||| READING scroll labelled TEGUGAW ZIPT.
  2343 | D:2      | 2343 ||| DRINKING 2 clear potions.
  2344 | D:2      | 2344 ||| DRINKING 2 sapphire potions.
  2345 | D:2      | 2345 ||| DROPPING potion of brilliance.
  2473 | D:3      | 2473 ||| DROPPING +0 club.
  2486 | D:3      | Noticed a phantom
  2491 | D:3      | Killed a phantom
  2492 | D:3      | Reached XP level 5. HP: 32/32 MP: 5/5
  2533 | D:3      | 2533 ||| Stepping ~*~*~tactically~*~*~ (stealth).
  2536 | D:3      | 2536 ||| INVOKING Berserk.
  2547 | D:3      | 2547 ||| DRINKING potion of curing.
  2547 | D:3      | 2547 ||| (to cure confusion)
  2591 | D:3      | 2591 ||| DROPPING +3 hand axe.
  2616 | D:3      | 2616 ||| DROPPING +0 mace.
  2672 | D:3      | Reached skill level 3 in Armour
  2834 | D:3      | 2834 ||| INVOKING Berserk.
  2837 | D:3      | Reached skill level 1 in Throwing
  3016 | D:3      | Found a broken altar of Ashenzari.
  3028 | D:3      | 3028 ||| Stepping ~*~*~tactically~*~*~ (stealth).
  3029 | D:3      | 3029 ||| Stepping ~*~*~tactically~*~*~ (stealth).
  3033 | D:3      | Reached XP level 6. HP: 37/37 MP: 6/6
  3033 | D:3      | 3033 ||| Stepping ~*~*~tactically~*~*~ (stealth).
  3047 | D:3      | Found a basalt altar of Yredelemnul.
  3246 | D:3      | 3246 ||| UPGRADING to amulet of regeneration.
  3251 | D:3      | 3251 ||| DRINKING 2 fuming green potions.
  3356 | D:3      | 3356 ||| READING 3 scrolls of identify.
  3356 | D:3      | 3356 ||| IDENTIFYING fuming sapphire potion
  3357 | D:3      | 3357 ||| READING 2 scrolls of identify.
  3357 | D:3      | 3357 ||| IDENTIFYING black potion
  3358 | D:3      | 3358 ||| DROPPING potion of lignification.
  3359 | D:3      | 3359 ||| DROPPING potion of berserk rage.
  3389 | D:4      | 3389 ||| STAIRDANCE
  3395 | D:4      | 3395 ||| STAIRDANCE
  3403 | D:4      | 3403 ||| INVOKING Berserk.
  3414 | D:4      | 3414 ||| STAIRDANCE
  3566 | D:4      | 3566 ||| Stepping ~*~*~tactically~*~*~ (stealth).
  3568 | D:4      | 3568 ||| Stepping ~*~*~tactically~*~*~ (stealth).
  3735 | D:4      | Found a staircase to the Ecumenical Temple.
  3836 | D:4      | 3836 ||| READING scroll labelled UJYH VUANGUR.
  3839 | D:4      | 3839 ||| READING scroll labelled IKKASI FAFF.
  3859 | D:5      | Entered Level 5 of the Dungeon
  3872 | D:5      | Reached skill level 6 in Axes
  3872 | D:5      | Reached XP level 7. HP: 44/44 MP: 7/7
  3911 | D:5      | Found Zin's Purification Station.
  3917 | D:5      | Found a glowing silver altar of Zin.
  3920 | D:5      | 3920 ||| BUYING potion of curing (90 gold).
  3920 | D:5      | Bought a potion of curing for 90 gold pieces
  3937 | D:5      | 3937 ||| Stepping ~*~*~tactically~*~*~ (hiding).
  3940 | D:5      | Reached *** piety under Trog
  3977 | D:5      | Noticed Duvessa
  3978 | D:5      | Noticed Dowan
  3980 | D:5      | 3980 ||| INVOKING Berserk.
  3984 | D:5      | Killed Duvessa
  3988 | D:5      | Killed Dowan
  4079 | D:5      | 4079 ||| Stepping ~*~*~tactically~*~*~ (stealth).
  4081 | D:5      | 4081 ||| INVOKING Berserk.
  4323 | D:5      | Found a shadowy altar of Dithmenos.
  4594 | D:5      | Noticed Edmund
  4598 | D:5      | 4598 ||| INVOKING Berserk.
  4599 | D:5      | Killed Edmund
  4600 | D:5      | Reached XP level 8. HP: 50/50 MP: 8/8
  4719 | D:5      | Found a burning altar of Makhleb.
  4835 | D:5      | Found a runed translucent door.
  4836 | D:5      | Noticed Crazy Yiuf
  5008 | D:5      | 5008 ||| UPGRADING to +0 pair of boots.
  5055 | D:5      | 5055 ||| READING scroll labelled FIOSTR UT VURCH.
  5260 | D:6      | 5260 ||| INVOKING Berserk.
  5349 | D:6      | 5349 ||| Stepping ~*~*~tactically~*~*~ (stealth).
  5352 | D:6      | 5352 ||| Stepping ~*~*~tactically~*~*~ (hiding).
  5483 | D:6      | 5483 ||| INVOKING Berserk.
  5621 | D:6      | Identified the +1 robe "Mioxifir" {rElec Str+2}
  5650 | D:6      | Noticed Prince Ribbit
  5653 | D:6      | 5653 ||| INVOKING Berserk.
  5656 | D:6      | Killed Prince Ribbit
  5943 | D:6      | Reached skill level 6 in Fighting
  6053 | D:6      | 6053 ||| READING scroll labelled VUBBOICEPT.
  6054 | D:6      | 6054 ||| READING scroll labelled TYXEOTSOZIQ.
  6055 | D:6      | 6055 ||| READING scroll labelled HEIDUGRI ACOAGU.
  6056 | D:6      | 6056 ||| DRINKING 2 fizzy golden potions.
  6111 | D:7      | Reached XP level 9. HP: 55/55 MP: 9/9
  6134 | D:7      | 6134 ||| FLEEEEING.
  6143 | D:7      | 6143 ||| INVOKING Berserk.
  6362 | D:7      | 6362 ||| INVOKING Berserk.
  6466 | D:7      | 6466 ||| Stepping ~*~*~tactically~*~*~ (stealth).
  6508 | D:7      | 6508 ||| INVOKING Berserk.
  6515 | D:7      | Reached skill level 9 in Axes
  6545 | D:7      | 6545 ||| FLEEEEING.
  6546 | D:7      | 6546 ||| FLEEEEING.
  6550 | D:7      | Reached skill level 6 in Armour
  6603 | D:7      | 6603 ||| Stepping ~*~*~tactically~*~*~ (hiding).
  6604 | D:7      | 6604 ||| Stepping ~*~*~tactically~*~*~ (hiding).
  6609 | D:7      | 6609 ||| Stepping ~*~*~tactically~*~*~ (hiding).
  6611 | D:7      | 6611 ||| Stepping ~*~*~tactically~*~*~ (hiding).
  6612 | D:7      | 6612 ||| Stepping ~*~*~tactically~*~*~ (hiding).
  6613 | D:7      | 6613 ||| Stepping ~*~*~tactically~*~*~ (hiding).
  6617 | D:7      | 6617 ||| INVOKING Berserk.
  6766 | D:7      | Found an opulent altar of Gozag.
  6973 | D:7      | 6973 ||| INVOKING Berserk.
  7154 | D:7      | 7154 ||| DROPPING +0 flail.
  7372 | D:7      | 7372 ||| UPGRADING to +0 buckler.
  7377 | D:7      | 7377 ||| UPGRADING to +2 helmet.
  7382 | D:7      | 7382 ||| READING scroll labelled NOAHIO FA PYMU.
  7383 | D:7      | 7383 ||| DRINKING 2 bubbling grey potions.
  7384 | D:7      | 7384 ||| READING 2 scrolls of identify.
  7384 | D:7      | 7384 ||| IDENTIFYING metallic pink potion
  7385 | D:7      | 7385 ||| DROPPING potion of ambrosia.
  7386 | D:7      | 7386 ||| DROPPING potion of degeneration.
  7395 | D:8      | Noticed Maurice
  7396 | D:8      | 7396 ||| Stepping ~*~*~tactically~*~*~ (hiding).
  7397 | D:8      | 7397 ||| Stepping ~*~*~tactically~*~*~ (hiding).
  7440 | D:8      | Killed Maurice
  7441 | D:8      | Reached skill level 3 in Shields
  7493 | D:8      | 7493 ||| DROPPING +1 hand axe of draining.
  7599 | D:8      | Found a radiant altar of Vehumet.
  7607 | D:8      | 7607 ||| Stepping ~*~*~tactically~*~*~ (stealth).
  7617 | D:8      | Noticed Joseph
  7618 | D:8      | 7618 ||| Stepping ~*~*~tactically~*~*~ (stealth).
  7622 | D:8      | Reached skill level 4 in Shields
  7627 | D:8      | 7627 ||| Stepping ~*~*~tactically~*~*~ (stealth).
  7631 | D:8      | 7631 ||| Stepping ~*~*~tactically~*~*~ (hiding).
  7641 | D:8      | 7641 ||| INVOKING Berserk.
  7642 | D:8      | Killed Joseph
  7792 | D:8      | Reached XP level 10. HP: 63/63 MP: 10/10
  7844 | D:8      | Noticed a two-headed ogre
  7849 | D:8      | 7849 ||| INVOKING Berserk.
  7852 | D:8      | Killed a two-headed ogre
  8113 | D:8      | 8113 ||| Stepping ~*~*~tactically~*~*~ (stealth).
  8114 | D:8      | 8114 ||| Stepping ~*~*~tactically~*~*~ (stealth).
  8136 | D:8      | 8136 ||| DROPPING +1 vorpal flail.
  8348 | D:8      | Found Wousonom's Jewellery Boutique.
  8355 | D:8      | 8355 ||| BUYING ring of fire (350 gold).
  8355 | D:8      | Bought a ring of fire for 350 gold pieces
  8484 | D:9      | Found Bucrakh's Antique Armour Shop.
  8485 | D:9      | 8485 ||| STAIRDANCE
  8493 | D:9      | 8493 ||| STAIRDANCE
  8505 | D:8      | Reached skill level 3 in Throwing
  8507 | D:8      | Reached skill level 5 in Shields
  8536 | D:9      | 8536 ||| SHOPLISTING +1 cloak of Starlight {*Dazzle EV+4
                  | Stlth--} (823 gold, have 100).
  8536 | D:9      | 8536 ||| SHOPLISTING glowing scarf (216 gold, have 100).
  8536 | D:9      | 8536 ||| SHOPLISTING pair of embroidered gloves (202 gold,
                  | have 100).
  8605 | D:9      | Noticed a two-headed ogre
  8607 | D:9      | 8607 ||| INVOKING Berserk.
  8611 | D:9      | Killed a two-headed ogre
  8618 | D:9      | Reached **** piety under Trog
  8746 | D:9      | Found Codam's Assorted Antiques.
  8881 | D:9      | Found a staircase to the Lair.
  8926 | D:9      | 8926 ||| Stepping ~*~*~tactically~*~*~ (hiding).
  8927 | D:9      | 8927 ||| INVOKING Berserk.
  8931 | D:9      | Reached XP level 11. HP: 68/68 MP: 11/11
  9130 | D:9      | Reached skill level 9 in Fighting
  9410 | D:9      | Found Unwab's Armour Shoppe.
  9448 | D:9      | Found a blossoming altar of Fedhas.
  9502 | D:9      | 9502 ||| Stepping ~*~*~tactically~*~*~ (hiding).
  9506 | D:9      | 9506 ||| Stepping ~*~*~tactically~*~*~ (hiding).
  9509 | D:9      | 9509 ||| INVOKING Berserk.
  9666 | D:9      | 9666 ||| READING 2 scrolls of identify.
  9666 | D:9      | 9666 ||| IDENTIFYING blue potion
  9667 | D:9      | 9667 ||| DROPPING potion of invisibility.
  9725 | D:10     | Entered Level 10 of the Dungeon
  9730 | D:10     | 9730 ||| STAIRDANCE
  9740 | D:10     | 9740 ||| STAIRDANCE
  9742 | D:9      | Reached ***** piety under Trog
  9748 | D:10     | 9748 ||| STAIRDANCE
  9816 | D:10     | 9816 ||| INVOKING Berserk.
  9820 | D:10     | Noticed Erolcha
  9830 | D:10     | 9830 ||| DRINKING 4 potions of curing.
  9830 | D:10     | 9830 ||| (to cure confusion)
  9836 | D:10     | Reached skill level 12 in Axes
  9844 | D:10     | Killed Erolcha
  9909 | D:10     | 9909 ||| INVOKING Berserk.
 10040 | D:10     | Noticed a centaur warrior
 10045 | D:10     | 10045 ||| INVOKING Berserk.
 10049 | D:10     | Killed a centaur warrior
 10178 | D:10     | Found a shimmering altar of Xom.
 10233 | D:10     | Found a staircase to the Orcish Mines.
 10234 | D:10     | 10234 ||| SWAPPING to +0 war axe.
 10235 | D:10     | 10235 ||| DROPPING +0 spectral hand axe.
 10236 | D:10     | 10236 ||| READING 4 scrolls of brand weapon.
 10236 | D:10     | 10236 ||| BRANDING +0 war axe.
 10237 | D:10     | 10237 ||| READING 3 scrolls of brand weapon.
 10237 | D:10     | 10237 ||| BRANDING +0 vorpal war axe.
 10470 | D:10     | 10470 ||| READING scroll labelled HEIDUDEZEFF.
 10484 | D:10     | 10484 ||| DRINKING 2 green potions.
 10485 | D:10     | 10485 ||| READING 2 scrolls of identify.
 10485 | D:10     | 10485 ||| IDENTIFYING emerald potion
 10486 | D:10     | 10486 ||| DROPPING potion of attraction.
 10537 | D:9      | 10537 ||| SHOPLISTING 2 potions of heal wounds (300 gold,
                  | have 236).
 10537 | D:9      | 10537 ||| BUYING pair of gloves (135 gold).
 10537 | D:9      | Bought a pair of gloves for 135 gold pieces
 10537 | D:9      | 10537 ||| BUYING scroll labelled VUIVET HOJER (30 gold).
 10537 | D:9      | Bought a scroll labelled VUIVET HOJER for 30 gold pieces
 10537 | D:9      | 10537 ||| SHOPLISTING shiny emerald ring (150 gold, have
                  | 71).
 10537 | D:9      | 10537 ||| UPGRADING to +0 pair of gloves.
 10542 | D:9      | 10542 ||| PLANNING LAIR
 10542 | D:9      | 10542 ||| READING scroll labelled VUIVET HOJER.
 10602 | Lair:1   | Entered Level 1 of the Lair of Beasts
 10645 | Lair:1   | Reached skill level 9 in Armour
 10652 | Lair:1   | 10652 ||| INVOKING Berserk.
 10658 | Lair:1   | Received a gift from Trog
 10666 | Lair:1   | 10666 ||| INVOKING Brothers in Arms.
 10792 | Lair:1   | 10792 ||| Stepping ~*~*~tactically~*~*~ (stealth).
 10800 | Lair:1   | Reached skill level 6 in Shields
 10813 | Lair:1   | 10813 ||| DROPPING +5 broad axe.
 10821 | Lair:1   | 10821 ||| INVOKING Berserk.
 10945 | Lair:1   | 10945 ||| Stepping ~*~*~tactically~*~*~ (stealth).
 10960 | Lair:1   | 10960 ||| INVOKING Berserk.
 11112 | Lair:1   | 11112 ||| INVOKING Berserk.
 11117 | Lair:1   | Reached XP level 12. HP: 77/77 MP: 12/12
 11337 | Lair:1   | 11337 ||| INVOKING Berserk.
 11560 | Lair:1   | Noticed a death yak
 11561 | Lair:1   | Noticed a death yak
 11565 | Lair:1   | 11565 ||| INVOKING Berserk.
 11565 | Lair:1   | Noticed a death yak
 11568 | Lair:1   | Noticed a death yak
 11572 | Lair:1   | Noticed a death yak
 11573 | Lair:1   | Noticed a death yak
 11576 | Lair:1   | Killed a death yak
 11582 | Lair:1   | Killed a death yak
 11584 | Lair:1   | Killed a death yak
 11594 | Lair:1   | Killed a death yak
 11594 | Lair:1   | Killed a death yak
 11599 | Lair:1   | Killed a death yak
 11864 | Lair:1   | 11864 ||| Stepping ~*~*~tactically~*~*~ (stealth).
 12003 | Lair:1   | 12003 ||| Stepping ~*~*~tactically~*~*~ (stealth).
 12055 | Lair:1   | Identified the +1 chain mail "Esoqytso" {rElec rC+ Dex+8
                  | Stlth-}
 12094 | Lair:1   | Identified the +14 plate armour of Impatience {rElec rF+
                  | Int+4}
 12204 | Lair:1   | 12204 ||| INVOKING Berserk.
 12443 | Lair:1   | 12443 ||| UPGRADING to +1 chain mail "Esoqytso" {rElec rC+
                  | Dex+8 Stlth-}.
 12453 | Lair:1   | 12453 ||| DROPPING +0 plate armour.
 12454 | Lair:1   | 12454 ||| UPGRADING to +14 plate armour of Impatience
                  | {rElec rF+ Int+4}.
 12464 | Lair:1   | 12464 ||| DROPPING +1 chain mail "Esoqytso" {rElec rC+
                  | Dex+8 Stlth-}.
 12465 | Lair:1   | 12465 ||| DROPPING amulet of faith.
 12466 | Lair:1   | 12466 ||| DROPPING +6 ring of strength.
 12467 | Lair:1   | 12467 ||| READING scroll labelled ZUPLU CASUOC.
 12568 | Lair:1   | 12568 ||| READING 2 scrolls of identify.
 12568 | Lair:1   | 12568 ||| IDENTIFYING viscous clear potion
 12612 | Lair:2   | 12612 ||| INVOKING Berserk.
 12632 | Lair:2   | Noticed a four-headed hydra
 12646 | Lair:2   | 12646 ||| INVOKING Brothers in Arms.
 12647 | Lair:2   | 12647 ||| INVOKING Brothers in Arms.
 12648 | Lair:2   | 12648 ||| SWAPPING to +4 flail of freezing.
 12651 | Lair:2   | 12651 ||| Stepping ~*~*~tactically~*~*~ (outnumbered).
 12652 | Lair:2   | 12652 ||| Stepping ~*~*~tactically~*~*~ (outnumbered).
 12653 | Lair:2   | Killed an eight-headed hydra
 12654 | Lair:2   | Reached skill level 7 in Shields
 12654 | Lair:2   | Reached XP level 13. HP: 32/84 MP: 13/13
 12654 | Lair:2   | 12654 ||| SWAPPING to +0 vampiric war axe.
 12660 | Lair:2   | 12660 ||| Stepping ~*~*~tactically~*~*~ (water).
 12764 | Lair:2   | 12764 ||| INVOKING Berserk.
 12893 | Lair:2   | 12893 ||| Stepping ~*~*~tactically~*~*~ (stealth).
 12960 | Lair:2   | 12960 ||| INVOKING Berserk.
 13181 | Lair:2   | Found a staircase to the Swamp.
 13662 | Lair:3   | 13662 ||| STAIRDANCE
 13743 | Lair:3   | Reached skill level 15 in Axes
 13765 | Lair:3   | 13765 ||| INVOKING Brothers in Arms.
 13771 | Lair:3   | 13771 ||| INVOKING Berserk.
 13995 | Lair:3   | Noticed Rupert
 13995 | Lair:3   | Paralysed by Rupert for 4 turns
 13999 | Lair:3   | 13999 ||| INVOKING Trog's Hand.
 14002 | Lair:3   | 14002 ||| INVOKING Berserk.
 14024 | Lair:3   | Killed Rupert
 14256 | Lair:3   | Reached skill level 12 in Fighting
 14264 | Lair:3   | Noticed Kirke
 14265 | Lair:3   | 14265 ||| INVOKING Trog's Hand.
 14272 | Lair:3   | 14272 ||| INVOKING Berserk.
 14293 | Lair:3   | Killed Kirke
 14422 | Lair:3   | 14422 ||| Stepping ~*~*~tactically~*~*~ (stealth).
 14425 | Lair:3   | 14425 ||| Stepping ~*~*~tactically~*~*~ (stealth).
 14433 | Lair:3   | 14433 ||| Stepping ~*~*~tactically~*~*~ (stealth).
 14447 | Lair:3   | Reached skill level 12 in Armour
 14604 | Lair:3   | Found a hole to the Spider Nest.
 14716 | Lair:3   | 14716 ||| INVOKING Brothers in Arms.
 14717 | Lair:3   | 14717 ||| READING 3 scrolls labelled HIJUNU BUOT NOCW.
 14718 | Lair:3   | 14718 ||| READING 2 scrolls of enchant armour.
 14718 | Lair:3   | 14718 ||| ENCHANTING +0 pair of gloves.
 14719 | Lair:3   | 14719 ||| READING scroll of enchant armour.
 14719 | Lair:3   | 14719 ||| ENCHANTING +1 pair of gloves.
 14911 | Lair:4   | 14911 ||| Stepping ~*~*~tactically~*~*~ (stealth).
 14950 | Lair:4   | 14950 ||| INVOKING Brothers in Arms.
 14951 | Lair:4   | 14951 ||| INVOKING Brothers in Arms.
 14952 | Lair:4   | 14952 ||| INVOKING Brothers in Arms.
 14953 | Lair:4   | 14953 ||| SWAPPING to +4 flail of freezing.
 14954 | Lair:4   | 14954 ||| INVOKING Berserk.
 14960 | Lair:4   | 14960 ||| SWAPPING to +0 vampiric war axe.
 15082 | Lair:4   | 15082 ||| INVOKING Brothers in Arms.
 15084 | Lair:4   | 15084 ||| SWAPPING to +4 flail of freezing.
 15086 | Lair:4   | 15086 ||| INVOKING Brothers in Arms.
 15087 | Lair:4   | 15087 ||| INVOKING Berserk.
 15100 | Lair:4   | Gained mutation: Your large and strong wings let you fly.
                  | [Gargoyle growth]
 15100 | Lair:4   | Reached XP level 14. HP: 92/92 MP: 14/14
 15108 | Lair:4   | 15108 ||| SWAPPING to +0 vampiric war axe.
 15270 | Lair:4   | Found a viscous altar of Jiyva.
 15270 | Lair:4   | Found a staircase to the Slime Pits.
 15393 | Lair:4   | 15393 ||| INVOKING Berserk.
 15541 | Lair:4   | 15541 ||| INVOKING Berserk.
 15739 | Lair:4   | 15739 ||| INVOKING Brothers in Arms.
 15741 | Lair:4   | 15741 ||| SWAPPING to +4 flail of freezing.
 15742 | Lair:4   | 15742 ||| INVOKING Berserk.
 15746 | Lair:4   | 15746 ||| SWAPPING to +0 vampiric war axe.
 16091 | Lair:4   | 16091 ||| DROPPING ring of magical power.
 16097 | Lair:5   | Entered Level 5 of the Lair of Beasts
 16128 | Lair:5   | 16128 ||| Stepping ~*~*~tactically~*~*~ (stealth).
 16162 | Lair:5   | 16162 ||| Stepping ~*~*~tactically~*~*~ (stealth).
 16173 | Lair:5   | 16173 ||| Stepping ~*~*~tactically~*~*~ (stealth).
 16174 | Lair:5   | 16174 ||| Stepping ~*~*~tactically~*~*~ (hiding).
 16187 | Lair:5   | Reached skill level 8 in Shields
 16190 | Lair:5   | 16190 ||| INVOKING Brothers in Arms.
 16192 | Lair:5   | Reached skill level 3 in Dodging
 16193 | Lair:5   | 16193 ||| INVOKING Brothers in Arms.
 16196 | Lair:5   | 16196 ||| Stepping ~*~*~tactically~*~*~ (stealth).
 16202 | Lair:5   | 16202 ||| INVOKING Brothers in Arms.
 16203 | Lair:5   | 16203 ||| INVOKING Brothers in Arms.
 16204 | Lair:5   | 16204 ||| INVOKING Brothers in Arms.
 16205 | Lair:5   | 16205 ||| INVOKING Brothers in Arms.
 16206 | Lair:5   | 16206 ||| INVOKING Brothers in Arms.
 16207 | Lair:5   | 16207 ||| INVOKING Brothers in Arms.
 16208 | Lair:5   | 16208 ||| INVOKING Brothers in Arms.
 16209 | Lair:5   | 16209 ||| INVOKING Brothers in Arms.
 16210 | Lair:5   | 16210 ||| SWAPPING to +4 flail of freezing.
 16211 | Lair:5   | 16211 ||| INVOKING Berserk.
 16237 | Lair:5   | HP: 34/138 [blink frog (6)]
 16244 | Lair:5   | 16244 ||| SWAPPING to +0 vampiric war axe.
 16394 | Lair:5   | 16394 ||| FLEEEEING.
 16395 | Lair:5   | 16395 ||| FLEEEEING.
 16396 | Lair:5   | 16396 ||| FLEEEEING.
 16397 | Lair:5   | 16397 ||| INVOKING Berserk.
 16603 | Lair:5   | 16603 ||| Stepping ~*~*~tactically~*~*~ (stealth).
 16649 | Lair:5   | 16649 ||| Stepping ~*~*~tactically~*~*~ (stealth).
 16657 | Lair:5   | 16657 ||| INVOKING Berserk.
 16899 | Lair:5   | 16899 ||| Stepping ~*~*~tactically~*~*~ (stealth).
 16948 | Lair:5   | 16948 ||| INVOKING Brothers in Arms.
 16949 | Lair:5   | 16949 ||| INVOKING Brothers in Arms.
 16950 | Lair:5   | 16950 ||| SWAPPING to +4 flail of freezing.
 16951 | Lair:5   | 16951 ||| INVOKING Berserk.
 16955 | Lair:5   | Reached skill level 9 in Shields
 16960 | Lair:5   | 16960 ||| SWAPPING to +0 vampiric war axe.
 17140 | Lair:5   | 17140 ||| Stepping ~*~*~tactically~*~*~ (stealth).
 17196 | Lair:5   | 17196 ||| Stepping ~*~*~tactically~*~*~ (stealth).
 17198 | Lair:5   | 17198 ||| Stepping ~*~*~tactically~*~*~ (stealth).
 17200 | Lair:5   | 17200 ||| Stepping ~*~*~tactically~*~*~ (stealth).
 17204 | Lair:5   | 17204 ||| Stepping ~*~*~tactically~*~*~ (stealth).
 17240 | Lair:5   | 17240 ||| Stepping ~*~*~tactically~*~*~ (stealth).
 17268 | Lair:5   | 17268 ||| Stepping ~*~*~tactically~*~*~ (stealth).
 17292 | Lair:5   | 17292 ||| Stepping ~*~*~tactically~*~*~ (stealth).
 17294 | Lair:5   | 17294 ||| Stepping ~*~*~tactically~*~*~ (hiding).
 17315 | Lair:5   | 17315 ||| Stepping ~*~*~tactically~*~*~ (hiding).
 17371 | Lair:5   | 17371 ||| FLEEEEING.
 17376 | Lair:5   | 17376 ||| INVOKING Trog's Hand.
 17401 | Lair:5   | Found a burning altar of Makhleb.
 17412 | Lair:5   | 17412 ||| INVOKING Berserk.
 17418 | Lair:5   | Reached XP level 15. HP: 100/100 MP: 15/15
 17534 | Lair:5   | Found a gateway to Hell.
 17612 | Lair:5   | 17612 ||| Stepping ~*~*~tactically~*~*~ (stealth).
 17613 | Lair:5   | 17613 ||| Stepping ~*~*~tactically~*~*~ (stealth).
 17696 | Lair:5   | Identified the +3 chain mail of a treasure trove {rF+ MP+9
                  | Int-3 Stlth+}
 17795 | Lair:5   | 17795 ||| PLANNING D:1-11
 17795 | Lair:5   | 17795 ||| DROPPING ring of see invisible.
 17796 | Lair:5   | 17796 ||| READING scroll labelled XUKHEU IVEPTIS.
 17953 | D:11     | Found a portal to a secret trove of treasure.
 17954 | D:11     | 17954 ||| PLANNING BAZAAR
 17980 | D:11     | 17980 ||| READING scroll of enchant armour.
 17980 | D:11     | 17980 ||| ENCHANTING +0 pair of boots.
 17988 | D:11     | Found a gate leading to a gauntlet.
 18111 | D:11     | 18111 ||| Stepping ~*~*~tactically~*~*~ (stealth).
 18113 | D:11     | 18113 ||| Stepping ~*~*~tactically~*~*~ (stealth).
 18115 | D:11     | 18115 ||| INVOKING Brothers in Arms.
 18116 | D:11     | 18116 ||| INVOKING Brothers in Arms.
 18119 | D:11     | 18119 ||| SWAPPING to +4 flail of freezing.
 18120 | D:11     | 18120 ||| INVOKING Berserk.
 18138 | D:11     | 18138 ||| Stepping ~*~*~tactically~*~*~ (outnumbered).
 18139 | D:11     | 18139 ||| SWAPPING to +0 vampiric war axe.
 18141 | D:11     | 18141 ||| SWAPPING to +4 flail of freezing.
 18144 | D:11     | 18144 ||| SWAPPING to +0 vampiric war axe.
 18158 | D:11     | Noticed Sonja
 18159 | D:11     | 18159 ||| Stepping ~*~*~tactically~*~*~ (stealth).
 18186 | D:11     | 18186 ||| Stepping ~*~*~tactically~*~*~ (stealth).
 18218 | D:11     | 18218 ||| Stepping randomly (disturbance).
 18271 | D:11     | 18271 ||| Stepping ~*~*~tactically~*~*~ (stealth).
 18273 | D:11     | 18273 ||| Stepping ~*~*~tactically~*~*~ (hiding).
 18400 | D:11     | Noticed Fannar
 18401 | D:11     | 18401 ||| Stepping ~*~*~tactically~*~*~ (stealth).
 18405 | D:11     | 18405 ||| Stepping ~*~*~tactically~*~*~ (stealth).
 18406 | D:11     | 18406 ||| Stepping ~*~*~tactically~*~*~ (stealth).
 18408 | D:11     | 18408 ||| Stepping ~*~*~tactically~*~*~ (hiding).
 18424 | D:11     | Killed Fannar
 18425 | D:11     | Reached skill level 15 in Fighting
 18443 | D:11     | 18443 ||| Stepping ~*~*~tactically~*~*~ (hiding).
 18489 | D:11     | 18489 ||| Stepping ~*~*~tactically~*~*~ (stealth).
 18507 | D:11     | 18507 ||| Stepping ~*~*~tactically~*~*~ (stealth).
 18508 | D:11     | 18508 ||| Stepping ~*~*~tactically~*~*~ (stealth).
 18535 | D:11     | 18535 ||| FLEEEEING.
 18547 | D:11     | 18547 ||| FLEEEEING.
 18548 | D:11     | 18548 ||| FLEEEEING.
 18549 | D:11     | 18549 ||| FLEEEEING.
 18550 | D:11     | 18550 ||| FLEEEEING.
 18551 | D:11     | 18551 ||| FLEEEEING.
 18552 | D:11     | 18552 ||| Stepping ~*~*~tactically~*~*~ (stealth).
 18553 | D:11     | 18553 ||| FLEEEEING.
 18554 | D:11     | 18554 ||| FLEEEEING.
 18555 | D:11     | 18555 ||| INVOKING Brothers in Arms.
 18557 | D:11     | 18557 ||| INVOKING Brothers in Arms.
 18561 | D:11     | 18561 ||| INVOKING Berserk.
 18564 | D:11     | Killed Sonja
 18582 | D:11     | 18582 ||| INVOKING Brothers in Arms.
 18585 | D:11     | HP: 18/103 [fire dragon/blast of flame (22)]
 18586 | D:11     | 18586 ||| READING 5 scrolls of teleportation.
 18587 | D:11     | 18587 ||| DRINKING 2 potions of heal wounds.
 18587 | D:11     | Found a flickering gateway to a bazaar.
 18652 | D:11     | 18652 ||| READING 10 scrolls of identify.
 18652 | D:11     | 18652 ||| IDENTIFYING golden potion
 18660 | Bazaar   | Entered a bazaar
 18660 | Bazaar   | Found Myuttuc's Weapon Shoppe.
 18660 | Bazaar   | Found Nolosiel's Book Shoppe.
 18660 | Bazaar   | Found Keme's Antique Weapon Shop.
 18662 | Bazaar   | Found Quopnuur's General Store.
 18684 | Bazaar   | 18684 ||| BUYING glimmering flail (178 gold).
 18684 | Bazaar   | Bought a glimmering flail for 178 gold pieces
 18684 | Bazaar   | Identified the +3 flail "Qiockis" {vorpal, Fly rN++ Stlth-}
                  | (You bought it in a shop in a bazaar)
 18684 | Bazaar   | 18684 ||| DROPPING +3 flail "Qiockis" {vorpal, Fly rN++
                  | Stlth-}.
 18709 | Bazaar   | 18709 ||| BUYING +0 kite shield of protection (103 gold).
 18709 | Bazaar   | Bought a +0 kite shield of protection for 103 gold pieces
 18709 | Bazaar   | 18709 ||| BUYING potion of curing (27 gold).
 18709 | Bazaar   | Bought a potion of curing for 27 gold pieces
 18715 | Bazaar   | 18715 ||| UPGRADING to +0 kite shield of protection.
 18725 | Bazaar   | 18725 ||| DROPPING +0 buckler.
 18737 | D:11     | 18737 ||| PLANNING GAUNTLET
 18745 | D:11     | 18745 ||| Stepping ~*~*~tactically~*~*~ (stealth).
 18794 | D:11     | 18794 ||| Stepping ~*~*~tactically~*~*~ (stealth).
 18797 | D:11     | 18797 ||| Stepping ~*~*~tactically~*~*~ (stealth).
 18813 | D:11     | 18813 ||| READING scroll of enchant weapon.
 18813 | D:11     | 18813 ||| ENCHANTING +0 vampiric war axe.
 18910 | D:11     | 18910 ||| INVOKING Berserk.
 19159 | D:11     | 19159 ||| RIP GAUNTLET
 19159 | D:11     | 19159 ||| PLANNING D:1-11
 19429 | D:11     | 19429 ||| PLANNING D
 19618 | D:12     | Reached skill level 10 in Shields
 19816 | D:12     | 19816 ||| INVOKING Berserk.
 20242 | D:12     | 20242 ||| DROPPING +4 ring of evasion.
 20306 | D:13     | 20306 ||| Stepping ~*~*~tactically~*~*~ (stealth).
 20307 | D:13     | 20307 ||| Stepping ~*~*~tactically~*~*~ (stealth).
 20309 | D:13     | 20309 ||| Stepping ~*~*~tactically~*~*~ (stealth).
 20315 | D:13     | 20315 ||| INVOKING Berserk.
 20319 | D:13     | Reached skill level 11 in Shields
 20327 | D:13     | 20327 ||| INVOKING Brothers in Arms.
 20457 | D:13     | 20457 ||| INVOKING Berserk.
 20574 | D:13     | 20574 ||| INVOKING Berserk.
 20870 | D:13     | Reached skill level 12 in Shields
 20909 | D:13     | 20909 ||| Stepping ~*~*~tactically~*~*~ (hiding).
 21010 | D:13     | Found a gate to the Vaults.
 21114 | D:14     | 21114 ||| READING 5 scrolls of teleportation.
 21117 | D:14     | 21117 ||| Stepping ~*~*~tactically~*~*~ (hiding).
 21299 | D:14     | 21299 ||| Stepping ~*~*~tactically~*~*~ (stealth).
 21301 | D:14     | 21301 ||| INVOKING Berserk.
 21322 | D:14     | Reached XP level 16. HP: 108/108 MP: 16/16
 21332 | D:14     | 21332 ||| Stepping ~*~*~tactically~*~*~ (stealth).
 21333 | D:14     | 21333 ||| Stepping ~*~*~tactically~*~*~ (stealth).
 21334 | D:14     | 21334 ||| Stepping ~*~*~tactically~*~*~ (stealth).
 21342 | D:14     | 21342 ||| Stepping ~*~*~tactically~*~*~ (stealth).
 21381 | D:14     | Found a runed translucent gate.
 21381 | D:14     | Found a runed translucent gate.
 21382 | D:14     | Found a runed translucent gate.
 21383 | D:14     | Noticed Jaliuk's ghost (journeyman DECj)
 21383 | D:14     | Noticed Cicylist's ghost (journeyman FoFi)
 21497 | D:14     | 21497 ||| READING 4 scrolls of teleportation.
 21536 | D:14     | 21536 ||| FLEEEEING.
 21537 | D:14     | 21537 ||| FLEEEEING.
 21538 | D:14     | 21538 ||| FLEEEEING.
 21539 | D:14     | 21539 ||| FLEEEEING.
 21540 | D:14     | 21540 ||| FLEEEEING.
 21541 | D:14     | 21541 ||| FLEEEEING.
 21542 | D:14     | 21542 ||| FLEEEEING.
 21543 | D:14     | 21543 ||| FLEEEEING.
 21544 | D:14     | 21544 ||| FLEEEEING.
 21545 | D:14     | 21545 ||| FLEEEEING.
 21546 | D:14     | 21546 ||| FLEEEEING.
 21547 | D:14     | 21547 ||| FLEEEEING.
 21548 | D:14     | 21548 ||| FLEEEEING.
 21549 | D:14     | 21549 ||| FLEEEEING.
 21551 | D:14     | 21551 ||| FLEEEEING.
 21945 | D:14     | Reached skill level 13 in Shields
 21948 | D:14     | 21948 ||| Stepping ~*~*~tactically~*~*~ (stealth).
 21972 | D:14     | 21972 ||| INVOKING Brothers in Arms.
 21976 | D:14     | 21976 ||| INVOKING Berserk.
 22033 | D:14     | 22033 ||| Stepping ~*~*~tactically~*~*~ (stealth).
 22035 | D:14     | 22035 ||| Stepping ~*~*~tactically~*~*~ (stealth).
 22036 | D:14     | 22036 ||| Stepping ~*~*~tactically~*~*~ (stealth).
 22053 | D:14     | 22053 ||| READING 4 scrolls of teleportation.
 22057 | D:14     | 22057 ||| READING 3 scrolls of teleportation.
 22211 | D:14     | 22211 ||| INVOKING Brothers in Arms.
 22220 | D:14     | 22220 ||| INVOKING Berserk.
 22352 | D:14     | 22352 ||| READING 2 scrolls of teleportation.
 22452 | D:14     | 22452 ||| Stepping ~*~*~tactically~*~*~ (hiding).
 22810 | D:15     | Entered Level 15 of the Dungeon
 23063 | D:15     | 23063 ||| Stepping ~*~*~tactically~*~*~ (stealth).
 23085 | D:15     | Reached skill level 14 in Shields
 23123 | D:15     | 23123 ||| Stepping ~*~*~tactically~*~*~ (hiding).
 23124 | D:15     | 23124 ||| Stepping ~*~*~tactically~*~*~ (hiding).
 23244 | D:15     | Identified the +5 scale mail of Jobriv {Harm rN+ Str-5
                  | Int+7}
 23255 | D:15     | 23255 ||| Stepping ~*~*~tactically~*~*~ (stealth).
 23328 | D:15     | 23328 ||| READING 3 scrolls of teleportation.
 23728 | D:15     | Reached skill level 15 in Armour
 23830 | D:15     | Found a staircase to the Depths.
 23907 | D:15     | 23907 ||| PLANNING ORC
 24062 | Orc:1    | Entered Level 1 of the Orcish Mines
 24075 | Orc:1    | 24075 ||| INVOKING Berserk.
 24234 | Orc:1    | Found a runed translucent gate.
 24236 | Orc:1    | Found a runed translucent gate.
 24237 | Orc:1    | Found a runed translucent gate.
 24242 | Orc:1    | Noticed Rachuaq's ghost (adept GnSk)
 24309 | Orc:1    | Found an iron altar of Okawaru.
 24314 | Orc:1    | 24314 ||| READING 2 scrolls of teleportation.
 24316 | Orc:1    | Noticed Erica
 24317 | Orc:1    | 24317 ||| INVOKING Brothers in Arms.
 24319 | Orc:1    | 24319 ||| INVOKING Berserk.
 24326 | Orc:1    | 24326 ||| DRINKING 11 potions of curing.
 24326 | Orc:1    | 24326 ||| (to cure confusion)
 24328 | Orc:1    | Killed Erica
 24352 | Orc:1    | Noticed Urug
 24353 | Orc:1    | 24353 ||| INVOKING Brothers in Arms.
 24357 | Orc:1    | Killed Urug
 24458 | Orc:1    | 24458 ||| READING scroll of teleportation.
 24461 | Orc:1    | 24461 ||| Stepping randomly (stuck).
 24469 | Orc:1    | 24469 ||| Stepping randomly (stuck).
 24470 | Orc:1    | 24470 ||| Stepping randomly (stuck).
 24471 | Orc:1    | 24471 ||| Stepping randomly (stuck).
 24472 | Orc:1    | 24472 ||| Stepping randomly (stuck).
 24473 | Orc:1    | 24473 ||| Stepping randomly (stuck).
 24474 | Orc:1    | 24474 ||| Stepping randomly (stuck).
 24475 | Orc:1    | 24475 ||| Stepping randomly (stuck).
 24476 | Orc:1    | 24476 ||| Stepping randomly (stuck).
 24478 | Orc:1    | 24478 ||| Stepping randomly (stuck).
 24479 | Orc:1    | 24479 ||| Stepping randomly (stuck).
 24480 | Orc:1    | 24480 ||| Stepping randomly (stuck).
 24481 | Orc:1    | 24481 ||| Stepping randomly (stuck).
 24482 | Orc:1    | 24482 ||| Stepping randomly (stuck).
 24483 | Orc:1    | 24483 ||| Stepping randomly (stuck).
 24484 | Orc:1    | 24484 ||| Stepping randomly (stuck).
 24485 | Orc:1    | 24485 ||| Stepping randomly (stuck).
 24486 | Orc:1    | 24486 ||| Stepping randomly (stuck).
 24487 | Orc:1    | 24487 ||| Stepping randomly (stuck).
 24488 | Orc:1    | 24488 ||| Stepping randomly (stuck).
 24489 | Orc:1    | 24489 ||| Stepping randomly (stuck).
 24490 | Orc:1    | 24490 ||| Stepping randomly (stuck).
 24491 | Orc:1    | 24491 ||| Stepping randomly (stuck).
 24492 | Orc:1    | 24492 ||| Stepping randomly (stuck).
 24493 | Orc:1    | 24493 ||| Stepping randomly (stuck).
 24494 | Orc:1    | 24494 ||| Stepping randomly (stuck).
 24495 | Orc:1    | 24495 ||| Stepping randomly (stuck).
 24496 | Orc:1    | 24496 ||| Stepping randomly (stuck).
 24498 | Orc:1    | 24498 ||| Stepping randomly (stuck).
 24499 | Orc:1    | 24499 ||| Stepping randomly (stuck).
 24500 | Orc:1    | 24500 ||| Stepping randomly (stuck).
 24501 | Orc:1    | 24501 ||| Stepping randomly (stuck).
 24502 | Orc:1    | 24502 ||| Stepping randomly (stuck).
 24503 | Orc:1    | 24503 ||| Stepping randomly (stuck).
 24504 | Orc:1    | 24504 ||| Stepping randomly (stuck).
 24505 | Orc:1    | 24505 ||| Stepping randomly (stuck).
 24506 | Orc:1    | 24506 ||| Stepping randomly (stuck).
 24507 | Orc:1    | 24507 ||| Stepping randomly (stuck).
 24508 | Orc:1    | 24508 ||| Stepping randomly (stuck).
 24509 | Orc:1    | 24509 ||| Stepping randomly (stuck).
 24510 | Orc:1    | 24510 ||| Stepping randomly (stuck).
 24511 | Orc:1    | 24511 ||| Stepping randomly (stuck).
 24512 | Orc:1    | 24512 ||| Stepping randomly (stuck).
 24513 | Orc:1    | 24513 ||| Stepping randomly (stuck).
 24514 | Orc:1    | 24514 ||| Stepping randomly (stuck).
 24515 | Orc:1    | 24515 ||| Stepping randomly (stuck).
 24516 | Orc:1    | 24516 ||| Stepping randomly (stuck).
 24517 | Orc:1    | 24517 ||| Stepping randomly (stuck).
 24518 | Orc:1    | 24518 ||| Stepping ~*~*~tactically~*~*~ (hiding).
 24525 | Orc:1    | 24525 ||| Stepping ~*~*~tactically~*~*~ (hiding).
 24530 | Orc:1    | 24530 ||| Stepping ~*~*~tactically~*~*~ (stealth).
 24553 | Orc:2    | Entered Level 2 of the Orcish Mines
 29342 | Orc:1    | 29342 ||| PLANNING ORC
 29546 | Orc:1    | 29546 ||| PLANNING ORC
 29568 | Orc:2    | 29568 ||| PLANNING ORC
 29685 | Orc:1    | Noticed Jorgrun
 29687 | Orc:1    | 29687 ||| INVOKING Berserk.
 29701 | Orc:1    | Killed Jorgrun
 29916 | Orc:1    | 29916 ||| PLANNING ORC
 29960 | Orc:1    | 29960 ||| Stepping randomly (stuck).
 30006 | Orc:2    | 30006 ||| Stepping ~*~*~tactically~*~*~ (stealth).
 30025 | Orc:2    | 30025 ||| Stepping ~*~*~tactically~*~*~ (stealth).
 30126 | Orc:2    | Found Gecuurun's General Store.
 30128 | Orc:2    | 30128 ||| INVOKING Berserk.
 30242 | Orc:2    | 30242 ||| BUYING potion of curing (39 gold).
 30242 | Orc:2    | Bought a potion of curing for 39 gold pieces
 30242 | Orc:2    | 30242 ||| BUYING potion of curing (39 gold).
 30242 | Orc:2    | Bought a potion of curing for 39 gold pieces
 30249 | Orc:2    | Found Cigatuh's Armour Boutique.
 30251 | Orc:2    | 30251 ||| INVOKING Berserk.
 30402 | Orc:2    | 30402 ||| Stepping ~*~*~tactically~*~*~ (hiding).
 30430 | Orc:2    | 30430 ||| INVOKING Trog's Hand.
 30434 | Orc:2    | 30434 ||| INVOKING Berserk.
 30451 | Orc:2    | Reached skill level 15 in Shields
 30725 | Orc:2    | 30725 ||| INVOKING Trog's Hand.
 30726 | Orc:2    | 30726 ||| INVOKING Berserk.
 30860 | Orc:2    | 30860 ||| Stepping ~*~*~tactically~*~*~ (stealth).
 30866 | Orc:2    | 30866 ||| Stepping ~*~*~tactically~*~*~ (stealth).
 30867 | Orc:2    | 30867 ||| Stepping ~*~*~tactically~*~*~ (stealth).
 31199 | Orc:2    | 31199 ||| FLEEEEING.
 31217 | Orc:2    | 31217 ||| Stepping ~*~*~tactically~*~*~ (hiding).
 31247 | Orc:2    | 31247 ||| Stepping ~*~*~tactically~*~*~ (stealth).
 31263 | Orc:2    | 31263 ||| INVOKING Berserk.
 31438 | Orc:2    | Found Pur Jaergh's Book Boutique.
 31446 | Orc:2    | 31446 ||| INVOKING Berserk.
 31585 | Orc:2    | 31585 ||| INVOKING Brothers in Arms.
 31587 | Orc:2    | 31587 ||| INVOKING Berserk.
 31724 | Orc:2    | 31724 ||| Stepping ~*~*~tactically~*~*~ (hiding).
 31740 | Orc:2    | 31740 ||| INVOKING Berserk.
 31871 | Orc:2    | 31871 ||| INVOKING Berserk.
 31992 | Orc:2    | Found Acoaxtes's Book Shoppe.
 32079 | Orc:2    | 32079 ||| INVOKING Trog's Hand.
 32082 | Orc:2    | 32082 ||| INVOKING Berserk.
 32265 | Orc:2    | 32265 ||| Stepping ~*~*~tactically~*~*~ (hiding).
 32381 | Orc:2    | Found a staircase to the Elven Halls.
 32382 | Orc:2    | 32382 ||| Stepping ~*~*~tactically~*~*~ (hiding).
 32576 | Orc:1    | 32576 ||| PLANNING SPIDER:1-3
 32755 | Spider:1 | Entered Level 1 of the Spider Nest
 32772 | Spider:1 | 32772 ||| DRINKING 12 potions of curing.
 32772 | Spider:1 | 32772 ||| (to cure confusion)
 32773 | Spider:1 | 32773 ||| INVOKING Berserk.
 32783 | Spider:1 | Received a gift from Trog
 32802 | Spider:1 | Reached XP level 17. HP: 115/115 MP: 0/17
 32835 | Spider:1 | 32835 ||| INVOKING Brothers in Arms.
 32838 | Spider:1 | 32838 ||| PLANNING SPIDER:1-3
 32851 | Spider:1 | Reached skill level 6 in Throwing
 33022 | Spider:1 | Found a runed translucent door.
 33042 | Spider:1 | Noticed qw's ghost (adept TrCA)
 33042 | Spider:1 | Noticed Arachne
 33050 | Spider:1 | Found a transporter.
 33054 | Spider:1 | Noticed qw's ghost (adept TrCA)
 33077 | Spider:1 | Found a transporter.
 33238 | Spider:1 | 33238 ||| UPGRADING to +2 cloak.
 33248 | Spider:1 | 33248 ||| DROPPING +0 cloak.
 33263 | Spider:2 | 33263 ||| Stepping ~*~*~tactically~*~*~ (hiding).
 33333 | Spider:2 | 33333 ||| INVOKING Brothers in Arms.
 33337 | Spider:2 | Noticed Louise
 33338 | Spider:2 | 33338 ||| INVOKING Trog's Hand.
 33344 | Spider:2 | 33344 ||| INVOKING Berserk.
 33376 | Spider:2 | Killed Louise
 34126 | Spider:2 | 34126 ||| UPGRADING to +0 tower shield.
 34136 | Spider:2 | 34136 ||| DROPPING +0 kite shield of protection.
 34198 | Spider:3 | 34198 ||| STAIRDANCE
 34220 | Spider:3 | 34220 ||| INVOKING Berserk.
 34233 | Spider:3 | 34233 ||| FLEEEEING.
 34234 | Spider:3 | 34234 ||| FLEEEEING.
 34235 | Spider:3 | 34235 ||| STAIRDANCE
 34340 | Spider:3 | 34340 ||| STAIRDANCE
 34666 | Spider:3 | 34666 ||| Stepping ~*~*~tactically~*~*~ (stealth).
 34667 | Spider:3 | 34667 ||| INVOKING Berserk.
 34830 | Spider:3 | 34830 ||| Stepping ~*~*~tactically~*~*~ (stealth).
 34872 | Spider:3 | 34872 ||| Stepping ~*~*~tactically~*~*~ (stealth).
 34898 | Spider:3 | 34898 ||| DRINKING 5 potions of cancellation.
 35104 | Spider:3 | Reached skill level 16 in Shields
 35160 | Spider:3 | 35160 ||| INVOKING Berserk.
 35383 | Spider:3 | 35383 ||| Stepping ~*~*~tactically~*~*~ (stealth).
 35390 | Spider:3 | 35390 ||| Stepping ~*~*~tactically~*~*~ (stealth).
 35603 | Spider:3 | 35603 ||| Stepping ~*~*~tactically~*~*~ (stealth).
 35846 | Spider:3 | 35846 ||| PLANNING SWAMP:1-3
 36012 | Swamp:1  | Entered Level 1 of the Swamp
 36036 | Swamp:1  | 36036 ||| SWAPPING to +4 flail of freezing.
 36037 | Swamp:1  | 36037 ||| INVOKING Berserk.
 36048 | Swamp:1  | 36048 ||| SWAPPING to +1 vampiric war axe.
 36221 | Swamp:1  | 36221 ||| INVOKING Berserk.
 36356 | Swamp:1  | Noticed Mlioglotl
 36359 | Swamp:1  | 36359 ||| INVOKING Berserk.
 36369 | Swamp:1  | Killed Mlioglotl
 36370 | Swamp:1  | Reached skill level 17 in Shields
 36512 | Swamp:1  | Identified the ring "Qiqoifai" {Wiz Dex+3 Stlth+}
 36535 | Swamp:1  | 36535 ||| INVOKING Berserk.
 36655 | Swamp:1  | 36655 ||| Stepping ~*~*~tactically~*~*~ (hiding).
 36658 | Swamp:1  | 36658 ||| INVOKING Berserk.
 36769 | Swamp:1  | 36769 ||| Stepping ~*~*~tactically~*~*~ (hiding).
 36770 | Swamp:1  | 36770 ||| INVOKING Berserk.
 36882 | Swamp:1  | 36882 ||| Stepping ~*~*~tactically~*~*~ (hiding).
 36883 | Swamp:1  | 36883 ||| Stepping ~*~*~tactically~*~*~ (hiding).
 36889 | Swamp:1  | 36889 ||| SWAPPING to +4 flail of freezing.
 36895 | Swamp:1  | 36895 ||| Stepping ~*~*~tactically~*~*~ (cloud).
 36896 | Swamp:1  | 36896 ||| SWAPPING to +1 vampiric war axe.
 36911 | Swamp:1  | 36911 ||| Stepping ~*~*~tactically~*~*~ (hiding).
 36912 | Swamp:1  | 36912 ||| Stepping ~*~*~tactically~*~*~ (hiding).
 36914 | Swamp:1  | 36914 ||| Stepping ~*~*~tactically~*~*~ (hiding).
 36915 | Swamp:1  | 36915 ||| Stepping ~*~*~tactically~*~*~ (hiding).
 36917 | Swamp:1  | 36917 ||| Stepping ~*~*~tactically~*~*~ (hiding).
 36920 | Swamp:1  | 36920 ||| Stepping ~*~*~tactically~*~*~ (cloud).
 36976 | Swamp:1  | Identified the +4 glaive of the Apocalypse {elec, rF+
                  | Int+4}
 37005 | Swamp:1  | 37005 ||| SWAPPING to +4 flail of freezing.
 37006 | Swamp:1  | 37006 ||| INVOKING Berserk.
 37015 | Swamp:1  | 37015 ||| SWAPPING to +1 vampiric war axe.
 37326 | Swamp:1  | 37326 ||| DROPPING ring of positive energy.
 37327 | Swamp:1  | 37327 ||| DROPPING ring "Qiqoifai" {Wiz Dex+3 Stlth+}.
 37341 | Swamp:2  | 37341 ||| INVOKING Berserk.
 37408 | Swamp:2  | 37408 ||| Stepping ~*~*~tactically~*~*~ (stealth).
 37410 | Swamp:2  | 37410 ||| Stepping ~*~*~tactically~*~*~ (hiding).
 37411 | Swamp:2  | 37411 ||| Stepping ~*~*~tactically~*~*~ (hiding).
 37412 | Swamp:2  | 37412 ||| Stepping ~*~*~tactically~*~*~ (hiding).
 37421 | Swamp:2  | 37421 ||| Stepping ~*~*~tactically~*~*~ (cloud).
 37437 | Swamp:2  | 37437 ||| Stepping ~*~*~tactically~*~*~ (stealth).
 37447 | Swamp:2  | Reached skill level 18 in Shields
 37449 | Swamp:2  | 37449 ||| Stepping ~*~*~tactically~*~*~ (stealth).
 37515 | Swamp:2  | 37515 ||| INVOKING Berserk.
 37525 | Swamp:2  | 37525 ||| SWAPPING to +4 flail of freezing.
 37529 | Swamp:2  | Reached XP level 18. HP: 61/120 MP: 18/18
 37529 | Swamp:2  | 37529 ||| SWAPPING to +1 vampiric war axe.
 37533 | Swamp:2  | HP: 24/120 [14-headed hydra (11)]
 37534 | Swamp:2  | 37534 ||| DRINKING 2 potions of heal wounds.
 37535 | Swamp:2  | HP: 10/120 [15-headed hydra (7)]
 37535 | Swamp:2  | HP: 3/120 [15-headed hydra (7)]
 37536 | Swamp:2  | 37536 ||| DRINKING potion of heal wounds.
 37538 | Swamp:2  | HP: 1/120 [thorn hunter (9)]
 37539 | Swamp:2  | Slain by an 18-headed hydra

Levels and vault maps discovered:
D:1:      onia_arrival_pyramid, layout_loops_corners, corexii_hall_statues_i,
          nrook_mini_backslash
D:2:      layout_basic, ebering_ecumenical_altar_mist, chequers_decorated_corner
D:3:      layout_loops_ring, lemuel_zombie_altar_yredelemnul,
          ashenzari_conservatory_becter, serial_forest,
          infiniplex_forest_lined_2, infiniplex_forest_clump_tiny,
          infiniplex_forest_clump_curved, infiniplex_forest_clump_cross,
          infiniplex_forest_straight_2, infiniplex_forest_straight_5,
          infiniplex_forest_clump_diagonal
D:4:      layout_rooms, minmay_temple_entry_statues_pillars
D:5:      layout_loops_ring, zin_purify, grunt_dithmenos_shadows,
          lightli_temple_of_fire, uniq_edmund, uniq_duvessa,
          uniq_crazy_yiuf_cottage
D:6:      layout_rooms, minmay_misc_feat_square, nicolae_elevator_lobby_plus,
          uniq_prince_ribbit1
D:7:      minmay_angry_zag, layout_gridville, mainiacjoe_overflow_boulevard,
          serial_rivers, chequers_serial_rivers_micro_b,
          chequers_serial_rivers_marsh, chequers_serial_rivers_small_a,
          chequers_serial_rivers_marsh, chequers_serial_rivers_micro_c,
          chequers_serial_rivers_micro_d
D:8:      layout_gridville, vehumet_crystals, serial_shops, nicolae_shop_trees,
          uniq_maurice, uniq_joseph
D:9:      kennysheep_spiral_hall, layout_rooms, lemuel_crystal_altar,
          serial_shops, nicolae_take_the_stairs, shop, nicolae_stop_n_shop_2,
          enter_bailey_5, grunt_decor_clamped, dk_rats_in_the_wall
D:10:     layout_big_octagon, xom_teletrap_fun, orc_0_dummy, uniq_erolcha
D:11:     minmay_the_grid_3x2 [minmay_the_grid_minigrid_small_alt,
          minmay_the_grid_spikes, minmay_the_grid_garden,
          minmay_the_grid_medium_cups, minmay_the_grid_stretched_grid,
          minmay_the_grid_prize_inner_circle], layout_basic,
          gauntlet_entry_generic, nicolae_trove_entry_free_sample, serial_shops,
          bzr_entry_customers, uniq_sonja, uniq_fannar
D:12:     layout_long_grid
D:13:     layout_rooms, david_vaults_4, eino_jars
D:14:     minmay_statue_hallways, layout_gridville, abandoned_shop,
          gammafunk_ghost_cemetery, serial_co_window_serial, co_window_corner_a,
          co_window_paths_b, co_window_of_opportunity_a,
          co_window_of_opportunity_a, co_window_corner_a,
          co_window_of_opportunity_a, co_window_of_opportunity_a,
          co_window_2corner, co_window_of_opportunity_b,
          co_window_of_opportunity_b, co_window_2corner, co_window_corner_b,
          co_window_2corner, co_window_corner_cb, co_window_paths_e,
          glass_columns_b, glass_columns_b, glass_columns_b,
          chequers_serial_rivers_micro_c
D:15:     hangedman_depths_entry_try_elsewhere_first, layout_cave_pods,
          reono_crystal_passage, chequers_serial_rivers_room_a,
          lemuel_flame_loot_1
Lair:1:   lemuel_reptile_caves, layout_layer_cave, serial_bayou_lagoon_b
Lair:2:   layout_gridlike, minmay_swamp_entry_reptiles, grunt_megastairs_2
Lair:3:   minmay_lair_oklob_tunnel, layout_cave_shapes, spider_nest_entry_webs,
          lemuel_fruit_fields, infiniplex_staircase_pool, uniq_rupert,
          uniq_kirke
Lair:4:   layout_regular_city, dpeg_slime_entry_enclosed, lemuel_fruit_fields
Lair:5:   evil_forest, layout_cave_shapes, minmay_lair_oklob_items,
          infiniplex_staircase_pool_2
Swamp:1:  layout_basic_swamp, evilmike_swamp_ruin_house_3, swamp_pool4,
          nicolae_swamp_hydra_murder_den, uniq_mlioglotl
Swamp:2:  layout_basic_swamp, evilmike_swamp_ruin_house_1
Spider:1: cheibrodos_spider_deadly_dance, nzn_ghost_randoct
Spider:2: layout_spider_delve, drop_trap, hellmonk_deceptive_appearances,
          uniq_louise
Spider:3: layout_cave_pods
Orc:1:    layout_caves, gammafunk_ghost_fury_of_okawaru, uniq_urug, uniq_erica,
          uniq_jorgrun
Orc:2:    pubby_orc_utopia

Skill      XL: |  1  2  3  4  5  6  7  8  9 10 11 12 13 14 15 16 17 |
---------------+----------------------------------------------------+-----
Axes           | 3 4 5 6 7 8 9 11 12 14 15 16 | 16.0
Armour         | 3 4 5 6 8 9 10 12 13 14 15 | 15.4
Throwing       | 1 2 3 5 7 |  7.0
Fighting       | 4 5 6 7 8 10 11 12 14 15 16 | 16.0
Shields        | 4 5 6 7 9 12 15 18 | 18.1
Dodging        | 2 3 4 |  4.1

Action                   |  1- 3 |  4- 6 |  7- 9 | 10-12 | 13-15 | 16-18 || total
-------------------------+-------+-------+-------+-------+-------+-------++-------
Melee: Hand axe          |    85 |    72 |   126 |   213 |       |       ||   496
       Punch             |       |       |     1 |       |       |       ||     1
       War axe           |       |       |       |   310 |  1034 |  1334 ||  2678
       Flail             |       |       |       |     3 |    67 |    15 ||    85
Throw: Javelin           |       |    15 |    39 |    18 |       |    42 ||   114
       Boomerang         |       |       |       |    39 |    72 |    87 ||   198
Invok: Berserk           |     1 |     3 |    12 |    15 |    23 |    29 ||    83
       Brothers in Arms  |       |       |       |     2 |    13 |     7 ||    22
       Trog's Hand       |       |       |       |       |     3 |     4 ||     7
  Use: Scroll            |     2 |     7 |     6 |     8 |     9 |     7 ||    39
       Potion            |     1 |     4 |     2 |     2 |     1 |     5 ||    15
 Stab: Distracted        |       |       |       |     4 |     1 |     1 ||     6
Armor: Animal skin       |    14 |       |       |       |       |       ||    14
       Plate armour      |    18 |    43 |    84 |   340 |   937 |  1071 ||  2493
Dodge: Dodged            |    35 |    14 |    30 |   165 |   374 |   371 ||   989
Block: Buckler           |       |       |     1 |    95 |   220 |       ||   316
       Kite shield       |       |       |       |       |    92 |   429 ||   521
       Tower shield      |       |       |       |       |       |   567 ||   567

Table legend:
 A = Non-vault XP
 B = Vault XP
 C = Vault XP percentage of total XP
 D = Non-vault monster count
 E = Vault monster count
 F = Vault count percentage of total count
                 A         B        C        D         E       F
            +---------+---------+-------+---------+---------+-------
      Total |  178268 |   66469 |  27.2 |     695 |     304 |  30.4
            +---------+---------+-------+---------+---------+-------
        D:1 |      48 |       0 |   0.0 |      20 |       0 |   0.0
        D:2 |      55 |       0 |   0.0 |      18 |       0 |   0.0
        D:3 |     225 |      21 |   8.5 |      26 |       2 |   7.1
        D:4 |     208 |       0 |   0.0 |      14 |       0 |   0.0
        D:5 |     281 |     466 |  62.4 |      11 |       4 |  26.7
        D:6 |     759 |     259 |  25.4 |      11 |       1 |   8.3
        D:7 |     854 |     327 |  27.7 |      25 |       4 |  13.8
        D:8 |    2840 |     849 |  23.0 |      23 |       2 |   8.0
        D:9 |    3238 |     382 |  10.6 |      33 |      29 |  46.8
       D:10 |    3561 |     884 |  19.9 |      27 |       1 |   3.6
       D:11 |    4285 |   14891 |  77.7 |      26 |      35 |  57.4
       D:12 |    6290 |       0 |   0.0 |      25 |       0 |   0.0
       D:13 |    8811 |    2021 |  18.7 |      15 |       8 |  34.8
       D:14 |   10153 |     413 |   3.9 |      23 |       1 |   4.2
       D:15 |   10575 |    1678 |  13.7 |      21 |       3 |  12.5
     Lair:1 |    9667 |    2923 |  23.2 |      30 |      31 |  50.8
     Lair:2 |   11469 |    1751 |  13.2 |      46 |       6 |  11.5
     Lair:3 |    5272 |    5111 |  49.2 |      26 |      11 |  29.7
     Lair:4 |    8506 |       0 |   0.0 |      25 |       0 |   0.0
     Lair:5 |   21232 |    8961 |  29.7 |      69 |      25 |  26.6
    Swamp:1 |   12390 |    2603 |  17.4 |      25 |       2 |   7.4
    Swamp:2 |    8771 |       0 |   0.0 |      16 |       0 |   0.0
   Spider:1 |   12789 |       0 |   0.0 |      35 |       0 |   0.0
   Spider:2 |   10603 |    2260 |  17.6 |      26 |       3 |  10.3
   Spider:3 |   22859 |       0 |   0.0 |      49 |       0 |   0.0
      Orc:1 |    2527 |    3470 |  57.9 |      30 |       3 |   9.1
      Orc:2 |       0 |   17199 | 100.0 |       0 |     133 | 100.0
            +---------+---------+-------+---------+---------+-------
